| TOP OF THE 1ST |
|
Seattle Mariners batting - Pitching for Oakland Athletics : LHP Hyun-jin Ryu
|
|
Pitching: LHP Hyun-jin Ryu
|
|
|
Batting: LHB Bobby Howell
|
0-0: Called Strike 0-1: Fly out, F6 (Popup, 6, EV 48 MPH)
|
|
Batting: RHB Iván Rosário
|
0-0: Called Strike 0-1: Swinging Strike 0-2: Ball 1-2: SINGLE (Groundball, 5D, EV 89 MPH)
|
|
Batting: LHB Kolten Wong
|
0-0: Ball 1-0: Foul Ball, location: 5SF 1-1: Foul Ball, location: 7LSF 1-2: Grounds into double play, 5-4-3 (Groundball, 5L, EV 99 MPH)
|
| Top of the 1st over - 0 runs, 1 hit, 0 errors, 0 left on base; Seattle 0 - Oakland 0 |
| BOTTOM OF THE 1ST |
|
Oakland Athletics batting - Pitching for Seattle Mariners : RHP Eddie Muggleston
|
|
Pitching: RHP Eddie Muggleston
|
|
|
Batting: RHB Artie Breslin
|
0-0: Ball 1-0: Swinging Strike 1-1: Called Strike 1-2: Strikes out swinging
|
|
Batting: RHB Jorge García
|
0-0: Ball 1-0: Called Strike 1-1: Foul Ball, location: 9LMFF 1-2: Foul Ball, location: 25F 1-2: Ball 2-2: Ball 3-2: Hit by Pitch
|
|
Batting: RHB Jim Weber
|
0-0: Ball 1-0: Ball 2-0: SINGLE (Line Drive, 8LM, EV 97 MPH) Jorge García to second
|
|
Batting: RHB Phil Walker
|
0-0: Called Strike 0-1: Ball 1-1: Ball 2-1: Swinging Strike 2-2: Foul Ball, location: 5F 2-2: Strikes out swinging
|
|
Batting: RHB Chris Moody
|
0-0: Fielders Choice at 2nd, 6-4 (Groundball, 6, EV 83 MPH)
|
| Bottom of the 1st over - 0 runs, 1 hit, 0 errors, 2 left on base; Seattle 0 - Oakland 0 |
| TOP OF THE 2ND |
|
Seattle Mariners batting - Pitching for Oakland Athletics : LHP Hyun-jin Ryu
|
|
Batting: LHB Bob Hollis
|
0-0: Called Strike 0-1: Foul Ball, location: 2F 0-2: Ball 1-2: Ball 2-2: Foul Ball, location: 2F 2-2: Ball 3-2: Fly out, F7 (Line Drive, 7, EV 95 MPH)
|
|
Batting: RHB Miguel Sano
|
0-0: Called Strike 0-1: Foul Ball, location: 2F 0-2: Foul Ball, location: 9LDF 0-2: SINGLE (Groundball, 5D, EV 92 MPH)
|
|
Batting: SHB Fidel Mejia
|
0-0: Fly out, F9 (Flyball, 9, EV 75 MPH)
|
|
Batting: LHB Don Desjardins
|
0-0: Fly out, F7 (Flyball, 78M, EV 86 MPH)
|
| Top of the 2nd over - 0 runs, 1 hit, 0 errors, 1 left on base; Seattle 0 - Oakland 0 |
| BOTTOM OF THE 2ND |
|
Oakland Athletics batting - Pitching for Seattle Mariners : RHP Eddie Muggleston
|
|
Batting: RHB Jeremy Austin
|
0-0: Ball 1-0: Foul Ball, location: 3DF 1-1: Called Strike 1-2: Foul Ball, location: 2F 1-2: Ground out 6-3 (Groundball, 6MS, EV 92 MPH)
|
|
Batting: SHB Miguel Ruiz
|
0-0: Ball 1-0: Ball 2-0: Ball 3-0: Called Strike 3-1: Called Strike 3-2: Strikes out looking
|
|
Batting: RHB Ramon Beltre
|
0-0: SINGLE (Line Drive, 9S, EV 79 MPH)
|
|
Batting: RHB Ricardo A. Rodriguez
|
0-0: Swinging Strike 0-1: SINGLE (Line Drive, 9S, EV 90 MPH) Ramon Beltre to second Runner from 2nd tries for 3rd, SAFE, throw by RF made to third
|
|
Batting: RHB Artie Breslin
|
0-0: Called Strike 0-1: Foul Ball, location: 2F 0-2: Ball 1-2: DOUBLE (Groundball, 5L, EV 85 MPH) Ramon Beltre scores Ricardo A. Rodriguez to third
|
|
Batting: RHB Jorge García
|
0-0: Ground out 6-3 (Groundball, 4M, EV 53 MPH)
|
| Bottom of the 2nd over - 1 run, 3 hits, 0 errors, 2 left on base; Seattle 0 - Oakland 1 |
| TOP OF THE 3RD |
|
Seattle Mariners batting - Pitching for Oakland Athletics : LHP Hyun-jin Ryu
|
|
Batting: LHB Reese McGuire
|
0-0: Ball 1-0: Foul Ball, location: 9LDF 1-1: Ball 2-1: Foul Ball, location: 7LSF 2-2: Foul Ball, location: 2F 2-2: Fly out, F1 (Line Drive, P, EV 92 MPH)
|
|
Batting: LHB Mike Hahn
|
0-0: Fly out, F9 (Line Drive, 9, EV 86 MPH)
|
|
Batting: LHB Bobby Howell
|
0-0: Ball 1-0: Called Strike 1-1: Fly out, F5 (Line Drive, 5, EV 78 MPH)
|
| Top of the 3rd over - 0 runs, 0 hits, 0 errors, 0 left on base; Seattle 0 - Oakland 1 |
| BOTTOM OF THE 3RD |
|
Oakland Athletics batting - Pitching for Seattle Mariners : RHP Eddie Muggleston
|
|
Batting: RHB Jim Weber
|
0-0: Ball 1-0: Called Strike 1-1: Swinging Strike 1-2: Ball 2-2: Foul Ball, location: 25F 2-2: Ball 3-2: Base on Balls
|
|
Batting: RHB Phil Walker
|
0-0: Called Strike 0-1: Foul Ball, location: 3DF 0-2: SINGLE (Line Drive, 8RM, EV 94 MPH) Jim Weber to second
|
|
Batting: RHB Chris Moody
|
0-0: Called Strike 0-1: Ball 1-1: Grounds into double play, 5-4-3 (Groundball, 56S, EV 90 MPH) Jim Weber to third
|
|
Batting: RHB Jeremy Austin
|
0-0: Ball 1-0: Foul Ball, location: 2F 1-1: Ground out 5-3 (Groundball, 5S, EV 57 MPH)
|
| Bottom of the 3rd over - 0 runs, 1 hit, 0 errors, 1 left on base; Seattle 0 - Oakland 1 |
| TOP OF THE 4TH |
|
Seattle Mariners batting - Pitching for Oakland Athletics : LHP Hyun-jin Ryu
|
|
Batting: RHB Iván Rosário
|
0-0: Called Strike 0-1: Ball 1-1: Ball 2-1: Called Strike 2-2: Foul Ball, location: 2F 2-2: Fly out, F4 (Popup, 34, EV 48 MPH)
|
|
Batting: LHB Kolten Wong
|
0-0: Called Strike 0-1: Ball 1-1: Ball 2-1: Swinging Strike 2-2: Ground out 4-3 (Groundball, 4M, EV 97 MPH)
|
|
Batting: LHB Bob Hollis
|
0-0: Ball 1-0: Swinging Strike 1-1: Ground out 6-3 (Groundball, 6M, EV 70 MPH)
|
| Top of the 4th over - 0 runs, 0 hits, 0 errors, 0 left on base; Seattle 0 - Oakland 1 |
| BOTTOM OF THE 4TH |
|
Oakland Athletics batting - Pitching for Seattle Mariners : RHP Eddie Muggleston
|
|
Batting: SHB Miguel Ruiz
|
0-0: Called Strike 0-1: Ball 1-1: Called Strike 1-2: Foul Ball, location: 2F 1-2: Foul Ball, location: 2F 1-2: Ball 2-2: Fly out, F6 (Popup, 6M, EV 47 MPH)
|
|
Batting: RHB Ramon Beltre
|
0-0: Called Strike 0-1: SINGLE (Groundball, 5S, EV 55 MPH) (infield hit)
|
|
Batting: RHB Ricardo A. Rodriguez
|
0-0: Ball 1-0: Ball 2-0: Ball 3-0: Called Strike 3-1: Called Strike 3-2: Strikes out swinging
|
|
Batting: RHB Artie Breslin
|
0-0: Called Strike 0-1: Ball 1-1: Foul Ball, location: 2F 1-2: Fly out, F7 (Line Drive, 7S, EV 99 MPH)
|
| Bottom of the 4th over - 0 runs, 1 hit, 0 errors, 1 left on base; Seattle 0 - Oakland 1 |
| TOP OF THE 5TH |
|
Seattle Mariners batting - Pitching for Oakland Athletics : LHP Hyun-jin Ryu
|
|
Batting: RHB Miguel Sano
|
0-0: Ball 1-0: Ball 2-0: Called Strike 2-1: Foul Ball, location: 9LDF 2-2: Strikes out swinging
|
|
Batting: SHB Fidel Mejia
|
0-0: Called Strike 0-1: Called Strike 0-2: Foul Ball, location: 5F 0-2: Foul Ball, location: 2F 0-2: Ball 1-2: Strikes out swinging
|
|
Batting: LHB Don Desjardins
|
0-0: Foul Ball, location: 5FF 0-1: SINGLE (Groundball, 4D, EV 85 MPH)
|
|
Batting: LHB Reese McGuire
|
0-0: Called Strike 0-1: Ball Don Desjardins steals 2nd base 1-1: Called Strike 1-2: Foul Ball, location: 2F 1-2: Foul Ball, location: 7LSF 1-2: Ground out 6-3 (Groundball, 6, EV 99 MPH)
|
| Top of the 5th over - 0 runs, 1 hit, 0 errors, 1 left on base; Seattle 0 - Oakland 1 |
| BOTTOM OF THE 5TH |
|
Oakland Athletics batting - Pitching for Seattle Mariners : RHP Eddie Muggleston
|
|
Batting: RHB Jorge García
|
0-0: Called Strike 0-1: Foul Ball, location: 7LMF 0-2: Foul Ball, location: 9LDF 0-2: Ball 1-2: Ball 2-2: Foul Ball, location: 3F 2-2: SINGLE (Groundball, 3D, EV 76 MPH)
|
|
Batting: RHB Jim Weber
|
0-0: Ball 1-0: Called Strike 1-1: Fly out, F8 (Flyball, 8LD, EV 101 MPH)
|
|
Batting: RHB Phil Walker
|
0-0: Called Strike 0-1: Foul Ball, location: 7LDF 0-2: Ball 1-2: Ball 2-2: Ball 3-2: Strikes out looking Jorge García is caught stealing 2nd base 2-4 Batter strikes out.
|
| Bottom of the 5th over - 0 runs, 1 hit, 0 errors, 0 left on base; Seattle 0 - Oakland 1 |
| TOP OF THE 6TH |
|
Seattle Mariners batting - Pitching for Oakland Athletics : LHP Hyun-jin Ryu
|
|
Batting: LHB Mike Hahn
|
0-0: Ball 1-0: Ball 2-0: Ball 3-0: Called Strike 3-1: Called Strike 3-2: Foul Ball, location: 2F 3-2: Strikes out looking
|
|
Batting: LHB Bobby Howell
|
0-0: Ball 1-0: DOUBLE (Groundball, 3L, EV 101 MPH)
|
|
Batting: RHB Iván Rosário
|
0-0: Called Strike 0-1: Called Strike 0-2: Ball 1-2: Fly out, F8 (Line Drive, 8LD, EV 93 MPH)
|
|
Batting: LHB Kolten Wong
|
0-0: Ball 1-0: Called Strike 1-1: Swinging Strike 1-2: Ball 2-2: Ball 3-2: Fly out, F2 (Popup, 2L, EV 47 MPH)
|
| Top of the 6th over - 0 runs, 1 hit, 0 errors, 1 left on base; Seattle 0 - Oakland 1 |
| BOTTOM OF THE 6TH |
|
Oakland Athletics batting - Pitching for Seattle Mariners : RHP Eddie Muggleston
|
|
Batting: RHB Chris Moody
|
0-0: Ball 1-0: Ball 2-0: Called Strike 2-1: Called Strike 2-2: Fly out, F8 (Flyball, 78M, EV 84 MPH)
|
|
Batting: RHB Jeremy Austin
|
0-0: DOUBLE (Line Drive, 7LS, EV 75 MPH)
|
|
Batting: SHB Miguel Ruiz
|
0-0: Foul Ball, location: 2F 0-1: Foul Ball, location: 7LDF 0-2: Ball 1-2: Ground out 6-3 (Groundball, 6S, EV 111 MPH) Jeremy Austin to third
|
|
Pitching: RHP Franklin E. Perez
|
|
|
Batting: RHB Ramon Beltre
|
0-0: Foul Ball, location: 7LDF 0-1: Swinging Strike 0-2: Ball 1-2: SINGLE (Line Drive, 89S, EV 77 MPH) Jeremy Austin scores
|
|
Batting: RHB Ricardo A. Rodriguez
|
0-0: Ball 1-0: Called Strike 1-1: Fly out, F8 (Line Drive, 8RM, EV 98 MPH)
|
| Bottom of the 6th over - 1 run, 2 hits, 0 errors, 1 left on base; Seattle 0 - Oakland 2 |
| TOP OF THE 7TH |
|
Seattle Mariners batting - Pitching for Oakland Athletics : LHP Hyun-jin Ryu
|
|
Batting: LHB Bob Hollis
|
0-0: Called Strike 0-1: Ball 1-1: Ball 2-1: Swinging Strike 2-2: Ball 3-2: DOUBLE (Line Drive, 7LM, EV 95 MPH)
|
|
Batting: RHB Miguel Sano
|
0-0: Ball 1-0: Foul Ball, location: 23F 1-1: Ball 2-1: Swinging Strike 2-2: Strikes out looking
|
|
Batting: SHB Fidel Mejia
|
0-0: Called Strike 0-1: Foul Ball, location: 2F 0-2: Ball 1-2: Foul Ball, location: 7LMFF 1-2: Fly out, F9 (Flyball, 9, EV 73 MPH)
|
|
Pitching: RHP Gabriel Ynoa
|
|
|
Batting: LHB Don Desjardins
|
0-0: Called Strike 0-1: Ball 1-1: Ball 2-1: Ground out U3 (Groundball, 34S, EV 62 MPH)
|
| Top of the 7th over - 0 runs, 1 hit, 0 errors, 1 left on base; Seattle 0 - Oakland 2 |
| BOTTOM OF THE 7TH |
|
Oakland Athletics batting - Pitching for Seattle Mariners : RHP Franklin E. Perez
|
|
Batting: RHB Artie Breslin
|
0-0: Called Strike 0-1: Foul Ball, location: 25FF 0-2: Ball 1-2: Foul Ball, location: 3F 1-2: SINGLE (Line Drive, 8LS, EV 95 MPH)
|
|
Batting: RHB Jorge García
|
0-0: Called Strike 0-1: Ground out 6-3 (Groundball, 6, EV 72 MPH) Artie Breslin to second
|
|
Batting: RHB Jim Weber
|
0-0: Ball 1-0: Ball 2-0: Ball 3-0: Called Strike 3-1: Fly out, F7 (Line Drive, 7, EV 86 MPH)
|
|
Batting: RHB Phil Walker
|
0-0: Ball 1-0: Called Strike 1-1: Foul Ball, location: 9LSF 1-2: Foul Ball, location: 23F 1-2: Ground out 4-3 (Groundball, 4M, EV 76 MPH)
|
| Bottom of the 7th over - 0 runs, 1 hit, 0 errors, 1 left on base; Seattle 0 - Oakland 2 |
| TOP OF THE 8TH |
|
Seattle Mariners batting - Pitching for Oakland Athletics : RHP Gabriel Ynoa
|
|
Pitching: LHP Bob Petersen
|
|
|
Batting: LHB Reese McGuire
|
0-0: Called Strike 0-1: Ball 1-1: Foul Ball, location: 9LSF 1-2: Ball 2-2: Ball 3-2: Base on Balls
|
|
Pinch Hitting: RHB Albert Almora
|
0-0: Foul Ball, location: 3FF 0-1: Ball 1-1: Ball 2-1: Called Strike 2-2: Ball 3-2: Strikes out swinging
|
|
Pinch Hitting: RHB Josh Morgan
|
0-0: Foul Ball, location: 2F 0-1: Foul Ball, location: 5FF 0-2: Ball 1-2: Ball 2-2: Ball 3-2: Base on Balls Reese McGuire to second
|
|
Pitching: RHP Pedro Baez
|
|
|
Batting: LHB Ryan McMahon
|
0-0: Ball 1-0: Called Strike 1-1: Ball 2-1: Ball 3-1: Base on Balls Reese McGuire to third Josh Morgan to second
|
|
Batting: LHB Kolten Wong
|
0-0: Called Strike 0-1: Foul Ball, location: 9LSFF 0-2: Fly out, F9 (Flyball, 89M, EV 90 MPH) Runner from 3rd tags up, SCORES, no throw by RF
|
|
Batting: LHB Bob Hollis
|
0-0: Ball 1-0: Foul Ball, location: 2F 1-1: Fly out, F9 (Flyball, 9, EV 97 MPH)
|
| Top of the 8th over - 1 run, 0 hits, 0 errors, 2 left on base; Seattle 1 - Oakland 2 |
| BOTTOM OF THE 8TH |
|
Oakland Athletics batting - Pitching for Seattle Mariners : RHP Franklin E. Perez
|
|
Now in CF: Albert Almora
|
|
|
Now in RF: Steve Wilson
|
|
|
Batting: RHB Chris Moody
|
0-0: Called Strike 0-1: Foul Ball, location: 2F 0-2: Ground out 6-3 (Groundball, 56, EV 51 MPH)
|
|
Batting: RHB Jeremy Austin
|
0-0: Ball 1-0: Foul Ball, location: 3F 1-1: Ball 2-1: Called Strike 2-2: Foul Ball, location: 5F 2-2: Strikes out swinging
|
|
Batting: SHB Miguel Ruiz
|
0-0: Ball 1-0: Called Strike 1-1: Foul Ball, location: 2LF 1-2: Ball 2-2: Fly out, F7 (Flyball, 7, EV 81 MPH)
|
| Bottom of the 8th over - 0 runs, 0 hits, 0 errors, 0 left on base; Seattle 1 - Oakland 2 |
| TOP OF THE 9TH |
|
Seattle Mariners batting - Pitching for Oakland Athletics : RHP Pedro Baez
|
|
Pitching: RHP Zach Davies
|
|
|
Now at 1B: Chris Moody
|
|
|
Now at 2B: Miguel Ruiz
|
|
|
Now at 3B: Gilbert Lara
|
|
|
Now in LF: Jeremy Austin
|
|
|
Now in RF: Mike Becker
|
|
|
Batting: RHB Miguel Sano
|
0-0: Foul Ball, location: 3F 0-1: Foul Ball, location: 23F 0-2: Strikes out swinging
|
|
Batting: SHB Fidel Mejia
|
0-0: Ball 1-0: Foul Ball, location: 5F 1-1: Foul Ball, location: 2F 1-2: Strikes out swinging
|
|
Batting: LHB Don Desjardins
|
0-0: Called Strike 0-1: Swinging Strike 0-2: Fly out, F8 (Flyball, 8RXD, EV 98 MPH)
|
| Top of the 9th over - 0 runs, 0 hits, 0 errors, 0 left on base; Seattle 1 - Oakland 2 |
|